| TOP OF THE 1ST |
|
University of Virginia Cavaliers batting - Pitching for University of Georgia Bulldogs : RHP Norbaer Oomen
|
|
Pitching: RHP Norbaer Oomen
|
|
|
Batting: RHB Luke Bertrand
|
0-0: Ball 1-0: Called Strike 1-1: SINGLE (Popup, 6D, EV 47.5 MPH)
|
|
Batting: LHB Edelberto Barbas
|
0-0: Called Strike 0-1: Called Strike 0-2: Strikes out swinging
|
|
Batting: LHB Alex Aguilar
|
0-0: Ball Luke Bertrand steals 2nd base 1-0: Swinging Strike 1-1: Called Strike 1-2: Strikes out swinging
|
|
Batting: RHB Pedro Lopez
|
0-0: Swinging Strike 0-1: Foul Ball, location: 2F 0-2: Foul Ball, location: 2F 0-2: Ball Balk! Luke Bertrand to third 1-2: Strikes out swinging
|
| Top of the 1st over - 0 runs, 1 hit, 0 errors, 1 left on base; University of Virginia 0 - University of Georgia 0 |
| BOTTOM OF THE 1ST |
|
University of Georgia Bulldogs batting - Pitching for University of Virginia Cavaliers : LHP Juan Quiroz
|
|
Pitching: LHP Juan Quiroz
|
|
|
Batting: RHB Murilo Cunha
|
0-0: Ground out U3 (Groundball, 3L, EV 81.9 MPH)
|
|
Batting: LHB Casey Bass
|
0-0: Swinging Strike 0-1: Ball 1-1: Foul Ball, location: 2F 1-2: Fly out, F9 (Flyball, 89D, EV 109.4 MPH)
|
|
Batting: RHB Charlie Davison
|
0-0: Ball 1-0: SINGLE (Line Drive, 89S, EV 88.8 MPH)
|
|
Batting: LHB Dennis Klein
|
0-0: Called Strike 0-1: Foul Ball, location: 2F 0-2: Ball 1-2: SINGLE (Groundball, 34D, EV 106.9 MPH) (infield hit) Charlie Davison to second
|
|
Batting: RHB Rich Gold
|
0-0: Ground out 4-3 (Groundball, 4, EV 83.8 MPH)
|
| Bottom of the 1st over - 0 runs, 2 hits, 0 errors, 2 left on base; University of Virginia 0 - University of Georgia 0 |
| TOP OF THE 2ND |
|
University of Virginia Cavaliers batting - Pitching for University of Georgia Bulldogs : RHP Norbaer Oomen
|
|
Batting: RHB Mike Llamas
|
0-0: Foul Ball, location: 2F 0-1: TRIPLE (Flyball, 9D, EV 97.5 MPH)
|
|
Batting: RHB Jose Velez
|
0-0: Ball 1-0: Ball 2-0: Ball 3-0: Called Strike 3-1: Swinging Strike 3-2: Foul Ball, location: 2F 3-2: Strikes out swinging
|
|
Batting: LHB Josh Glass
|
0-0: Called Strike 0-1: Ball 1-1: Swinging Strike 1-2: Ball 2-2: Strikes out looking
|
|
Batting: RHB Scott Anderson
|
0-0: Ball 1-0: Swinging Strike 1-1: Foul Ball, location: 2F 1-2: Ball 2-2: Strikes out looking
|
| Top of the 2nd over - 0 runs, 1 hit, 0 errors, 1 left on base; University of Virginia 0 - University of Georgia 0 |
| BOTTOM OF THE 2ND |
|
University of Georgia Bulldogs batting - Pitching for University of Virginia Cavaliers : LHP Juan Quiroz
|
|
Batting: LHB Luis Mejia
|
0-0: Called Strike 0-1: Foul Ball, location: 2F 0-2: Foul Ball, location: 2F 0-2: Ball 1-2: Ball 2-2: Ground out U3 (Groundball, 3S, EV 93.8 MPH)
|
|
Batting: RHB Javier Alcorta
|
0-0: Ball 1-0: Foul Ball, location: 2F 1-1: Ball 2-1: Ball 3-1: Called Strike 3-2: Foul Ball, location: 2F 3-2: Foul Ball, location: 2F 3-2: Strikes out swinging
|
|
Batting: RHB James Warby
|
0-0: Ball 1-0: Ball 2-0: Ball 3-0: Called Strike 3-1: Base on Balls
|
|
Batting: LHB Edwin Zavala
|
0-0: Called Strike 0-1: Foul Ball, location: 2F 0-2: Ball 1-2: Foul Ball, location: 2F 1-2: Ball 2-2: Ball 3-2: Strikes out swinging
|
| Bottom of the 2nd over - 0 runs, 0 hits, 0 errors, 1 left on base; University of Virginia 0 - University of Georgia 0 |
| TOP OF THE 3RD |
|
University of Virginia Cavaliers batting - Pitching for University of Georgia Bulldogs : RHP Norbaer Oomen
|
|
Batting: RHB Nick Cech
|
0-0: Ground out 6-3 (Groundball, P, EV 87.5 MPH)
|
|
Batting: RHB Luke Bertrand
|
0-0: Foul Ball, location: 2F 0-1: Ball 1-1: Foul Ball, location: 2F 1-2: Strikes out swinging
|
|
Batting: LHB Edelberto Barbas
|
0-0: Ball 1-0: Foul Ball, location: 2F 1-1: Ball 2-1: Foul Ball, location: 2F 2-2: Strikes out swinging
|
| Top of the 3rd over - 0 runs, 0 hits, 0 errors, 0 left on base; University of Virginia 0 - University of Georgia 0 |
| BOTTOM OF THE 3RD |
|
University of Georgia Bulldogs batting - Pitching for University of Virginia Cavaliers : LHP Juan Quiroz
|
|
Batting: RHB Murilo Cunha
|
0-0: Ball 1-0: Ground out 5-3 (Groundball, 56S, EV 65.0 MPH)
|
|
Batting: LHB Casey Bass
|
0-0: Swinging Strike 0-1: Ball 1-1: Ball 2-1: Ball 3-1: Foul Ball, location: 2F 3-2: Strikes out swinging
|
|
Batting: RHB Charlie Davison
|
0-0: Ball 1-0: Ball 2-0: Called Strike 2-1: Ball 3-1: Called Strike 3-2: SINGLE (Groundball, 56D, EV 99.4 MPH)
|
|
Batting: LHB Dennis Klein
|
0-0: Ball 1-0: Foul Ball, location: 2F 1-1: Ball 2-1: SINGLE (Groundball, 6M, EV 96.9 MPH) (infield hit) Charlie Davison to second
|
|
Batting: RHB Rich Gold
|
0-0: Ball 1-0: Ball 2-0: Called Strike 2-1: Fly out, F8 (Flyball, 8LD, EV 102.5 MPH)
|
| Bottom of the 3rd over - 0 runs, 2 hits, 0 errors, 2 left on base; University of Virginia 0 - University of Georgia 0 |
| TOP OF THE 4TH |
|
University of Virginia Cavaliers batting - Pitching for University of Georgia Bulldogs : RHP Norbaer Oomen
|
|
Batting: LHB Alex Aguilar
|
0-0: Called Strike 0-1: Foul Ball, location: 2F 0-2: Strikes out swinging
|
|
Batting: RHB Pedro Lopez
|
0-0: Ball 1-0: Ground out 6-3 (Groundball, 6, EV 80.6 MPH)
|
|
Batting: RHB Mike Llamas
|
0-0: Fly out, F4 (Flyball, 4D, EV 92.5 MPH)
|
| Top of the 4th over - 0 runs, 0 hits, 0 errors, 0 left on base; University of Virginia 0 - University of Georgia 0 |
| BOTTOM OF THE 4TH |
|
University of Georgia Bulldogs batting - Pitching for University of Virginia Cavaliers : LHP Juan Quiroz
|
|
Batting: LHB Luis Mejia
|
0-0: Fly out, F8 (Flyball, 8RXD, EV 103.1 MPH)
|
|
Batting: RHB Javier Alcorta
|
0-0: Ball 1-0: Ball 2-0: Foul Ball, location: 2F 2-1: Swinging Strike 2-2: Foul Ball, location: 2F 2-2: Strikes out swinging
|
|
Batting: RHB James Warby
|
0-0: Called Strike 0-1: Called Strike 0-2: Ball 1-2: Strikes out swinging
|
| Bottom of the 4th over - 0 runs, 0 hits, 0 errors, 0 left on base; University of Virginia 0 - University of Georgia 0 |
| TOP OF THE 5TH |
|
University of Virginia Cavaliers batting - Pitching for University of Georgia Bulldogs : RHP Norbaer Oomen
|
|
Batting: RHB Jose Velez
|
0-0: Called Strike 0-1: Ball 1-1: Foul Ball, location: 2F 1-2: Ball 2-2: Ball 3-2: Foul Ball, location: 2F 3-2: Fly out, F9 (Flyball, 9LS, EV 85.0 MPH)
|
|
Batting: LHB Josh Glass
|
0-0: Called Strike 0-1: Ball 1-1: Foul Ball, location: 2F 1-2: Foul Ball, location: 2F 1-2: Ball 2-2: Foul Ball, location: 2F 2-2: Strikes out looking
|
|
Batting: RHB Scott Anderson
|
0-0: Ball 1-0: Ball 2-0: Foul Ball, location: 2F 2-1: Foul Ball, location: 2F 2-2: Foul Ball, location: 2F 2-2: Ball 3-2: Ground out 4-3 (Groundball, 4, EV 91.2 MPH)
|
| Top of the 5th over - 0 runs, 0 hits, 0 errors, 0 left on base; University of Virginia 0 - University of Georgia 0 |
| BOTTOM OF THE 5TH |
|
University of Georgia Bulldogs batting - Pitching for University of Virginia Cavaliers : LHP Juan Quiroz
|
|
Batting: LHB Edwin Zavala
|
0-0: Called Strike 0-1: Ball 1-1: Ground out 5-3 (Groundball, 56, EV 92.5 MPH)
|
|
Batting: RHB Murilo Cunha
|
0-0: Ground out 6-3 (Groundball, 6M, EV 108.8 MPH)
|
|
Batting: LHB Casey Bass
|
0-0: Foul Ball, location: 2F 0-1: Ball 1-1: Swinging Strike 1-2: Strikes out swinging
|
| Bottom of the 5th over - 0 runs, 0 hits, 0 errors, 0 left on base; University of Virginia 0 - University of Georgia 0 |
| TOP OF THE 6TH |
|
University of Virginia Cavaliers batting - Pitching for University of Georgia Bulldogs : RHP Norbaer Oomen
|
|
Batting: RHB Nick Cech
|
0-0: Called Strike 0-1: Ball 1-1: Ball 2-1: Foul Ball, location: 2F 2-2: Ball 3-2: Strikes out swinging
|
|
Pitching: LHP Andres Caceres
|
|
|
Batting: RHB Luke Bertrand
|
0-0: Ball 1-0: Called Strike 1-1: Ball 2-1: SOLO HOME RUN (Flyball, 89XD, EV 98.8 MPH), Distance : 387 ft
|
|
Batting: LHB Edelberto Barbas
|
0-0: Foul Ball, location: 2F 0-1: Ball 1-1: Ball 2-1: Ball 3-1: Called Strike 3-2: Ground out 4-3 (Groundball, 4, EV 90.6 MPH)
|
|
Batting: LHB Alex Aguilar
|
0-0: Ball 1-0: Swinging Strike 1-1: Ball 2-1: Called Strike 2-2: Fly out, F7 (Flyball, 7D, EV 105.6 MPH)
|
| Top of the 6th over - 1 run, 1 hit, 0 errors, 0 left on base; University of Virginia 1 - University of Georgia 0 |
| BOTTOM OF THE 6TH |
|
University of Georgia Bulldogs batting - Pitching for University of Virginia Cavaliers : LHP Juan Quiroz
|
|
Pitching: RHP Tzu-jao Chen
|
|
|
Batting: RHB Charlie Davison
|
0-0: Ball 1-0: Ball 2-0: Fly out, F6 (Line Drive, 6, EV 63.8 MPH)
|
|
Batting: LHB Dennis Klein
|
0-0: Ball 1-0: Foul Ball, location: 2F 1-1: Called Strike 1-2: Strikes out looking
|
|
Batting: RHB Nate McCormick
|
0-0: Called Strike 0-1: Ball 1-1: Foul Ball, location: 2F 1-2: Ball 2-2: Foul Ball, location: 2F 2-2: Foul Ball, location: 2F 2-2: Ball 3-2: Fly out, F9 (Line Drive, 9D, EV 93.1 MPH)
|
| Bottom of the 6th over - 0 runs, 0 hits, 0 errors, 0 left on base; University of Virginia 1 - University of Georgia 0 |
| TOP OF THE 7TH |
|
University of Virginia Cavaliers batting - Pitching for University of Georgia Bulldogs : LHP Andres Caceres
|
|
Pitching: RHP Alex Vasquez
|
|
|
Batting: RHB Pedro Lopez
|
0-0: Ball 1-0: Ball 2-0: Ball 3-0: Base on Balls
|
|
Batting: RHB Mike Llamas
|
0-0: Ball 1-0: Ball 2-0: Foul Ball, location: 2F 2-1: Ball 3-1: Base on Balls Pedro Lopez to second
|
|
Batting: RHB Jose Velez
|
0-0: Foul Ball, location: 2F 0-1: Ball 1-1: Foul Ball, location: 2F 1-2: Strikes out swinging
|
|
Batting: LHB Josh Glass
|
0-0: Called Strike 0-1: Ball 1-1: DOUBLE (Line Drive, 78D, EV 102.5 MPH) Pedro Lopez scores Mike Llamas to third
|
|
Batting: LHB Jason Chase
|
0-0: Ball 1-0: Foul Ball, location: 2F 1-1: Ball 2-1: Ball 3-1: Base on Balls
|
|
Pitching: LHP Vinny Segarra
|
|
|
Batting: RHB Nick Cech
|
0-0: SINGLE (Line Drive, 6M, EV 101.9 MPH) Mike Llamas scores Josh Glass to third Jason Chase to second
|
|
Batting: RHB Luke Bertrand
|
0-0: Ball 1-0: Fly out, F3 (Popup, 3F, EV 75.0 MPH)
|
|
Batting: LHB Edelberto Barbas
|
0-0: Ball 1-0: Ball 2-0: Foul Ball, location: 2F 2-1: Called Strike 2-2: DOUBLE (Flyball, 89D, EV 103.8 MPH) Josh Glass scores Jason Chase scores Nick Cech to third Runner from 3rd tries for Home, SAFE, throw by RF to home
|
|
Batting: LHB Alex Aguilar
|
0-0: Reached on error, E3 (Groundball, 34, EV 83.1 MPH) Edelberto Barbas to third
|
|
Batting: RHB Pedro Lopez
|
0-0: Ground out 4-3 (Groundball, 34, EV 103.8 MPH)
|
| Top of the 7th over - 5 runs, 3 hits, 1 error, 2 left on base; University of Virginia 6 - University of Georgia 0 |
| BOTTOM OF THE 7TH |
|
University of Georgia Bulldogs batting - Pitching for University of Virginia Cavaliers : RHP Tzu-jao Chen
|
|
Batting: LHB Luis Mejia
|
0-0: Called Strike 0-1: Ball 1-1: Ball 2-1: Foul Ball, location: 2F 2-2: Foul Ball, location: 2F 2-2: Strikes out looking
|
|
Batting: RHB Javier Alcorta
|
0-0: Called Strike 0-1: Ball 1-1: Called Strike 1-2: Strikes out swinging
|
|
Batting: RHB James Warby
|
0-0: Ball 1-0: Foul Ball, location: 2F 1-1: Ball 2-1: Ball 3-1: Ground out 6-3 (Groundball, 6, EV 91.2 MPH)
|
| Bottom of the 7th over - 0 runs, 0 hits, 0 errors, 0 left on base; University of Virginia 6 - University of Georgia 0 |
| TOP OF THE 8TH |
|
University of Virginia Cavaliers batting - Pitching for University of Georgia Bulldogs : LHP Vinny Segarra
|
|
Batting: RHB Mike Llamas
|
0-0: Ball 1-0: DOUBLE (Flyball, 8RXD, EV 105.6 MPH)
|
|
Batting: RHB Jose Velez
|
0-0: Swinging Strike 0-1: Ball 1-1: Ball 2-1: Foul Ball, location: 2F 2-2: Foul Ball, location: 2F 2-2: Foul Ball, location: 2F 2-2: Foul Ball, location: 2F 2-2: Ball 3-2: Strikes out looking and he ARGUES THE CALL AND IS TOSSED!
|
|
Pitching: LHP Aloiki Orana
|
|
|
Batting: LHB Josh Glass
|
0-0: Foul Ball, location: 2F 0-1: Foul Ball, location: 2F 0-2: Ball 1-2: Strikes out swinging
|
|
Batting: LHB Jason Chase
|
0-0: Called Strike 0-1: Ball 1-1: DOUBLE (Line Drive, 78M, EV 94.4 MPH) Mike Llamas scores
|
|
Batting: RHB Nick Cech
|
0-0: Called Strike 0-1: Ball 1-1: Ball 2-1: Swinging Strike 2-2: Strikes out swinging
|
| Top of the 8th over - 1 run, 2 hits, 0 errors, 1 left on base; University of Virginia 7 - University of Georgia 0 |
| BOTTOM OF THE 8TH |
|
University of Georgia Bulldogs batting - Pitching for University of Virginia Cavaliers : RHP Tzu-jao Chen
|
|
Now in CF: Ray Nichter
|
|
|
Batting: LHB Edwin Zavala
|
0-0: Called Strike 0-1: Foul Ball, location: 2F 0-2: Strikes out swinging
|
|
Batting: RHB Murilo Cunha
|
0-0: Foul Ball, location: 2F 0-1: Ball 1-1: Fly out, F8 (Line Drive, 8LM, EV 90.0 MPH)
|
|
Batting: LHB Casey Bass
|
0-0: Ball 1-0: Called Strike 1-1: Ball 2-1: Ball 3-1: Base on Balls
|
|
Batting: RHB Charlie Davison
|
0-0: Called Strike 0-1: Called Strike 0-2: Strikes out looking
|
| Bottom of the 8th over - 0 runs, 0 hits, 0 errors, 1 left on base; University of Virginia 7 - University of Georgia 0 |
| TOP OF THE 9TH |
|
University of Virginia Cavaliers batting - Pitching for University of Georgia Bulldogs : LHP Aloiki Orana
|
|
Pitching: RHP Bill Maher
|
|
|
Batting: RHB Luke Bertrand
|
0-0: Ball 1-0: Ball 2-0: Ball 3-0: Base on Balls
|
|
Batting: LHB Edelberto Barbas
|
0-0: Fly out, F6 (Popup, 6M, EV 57.5 MPH)
|
|
Batting: LHB Alex Aguilar
|
0-0: Ball Luke Bertrand is caught stealing 2nd base 2-6 1-0: Foul Ball, location: 2F 1-1: Ball 2-1: Called Strike 2-2: Foul Ball, location: 2F 2-2: DOUBLE (Groundball, 3L, EV 103.8 MPH)
|
|
Batting: RHB Pedro Lopez
|
0-0: Ball 1-0: Ground out 5-3 (Groundball, 56S, EV 87.5 MPH)
|
| Top of the 9th over - 0 runs, 1 hit, 0 errors, 1 left on base; University of Virginia 7 - University of Georgia 0 |
| BOTTOM OF THE 9TH |
|
University of Georgia Bulldogs batting - Pitching for University of Virginia Cavaliers : RHP Tzu-jao Chen
|
|
Pinch Hitting: LHB Sloan Rayner
|
0-0: Foul Ball, location: 2F 0-1: Ball 1-1: Swinging Strike 1-2: Ball 2-2: Foul Ball, location: 2F 2-2: Strikes out swinging
|
|
Batting: RHB Rodolfo Solis
|
0-0: Called Strike 0-1: Ground out 4-3 (Groundball, 4M, EV 92.5 MPH)
|
|
Batting: LHB Luis Mejia
|
0-0: Foul Ball, location: 2F 0-1: Reached on error, E6 (Groundball, 6S, EV 70.0 MPH)
|
|
Batting: RHB Javier Alcorta
|
0-0: Called Strike 0-1: Ball 1-1: Fielders Choice at 2nd, 6-4 (Groundball, 6, EV 94.4 MPH)
|
| Bottom of the 9th over - 0 runs, 0 hits, 1 error, 1 left on base; University of Virginia 7 - University of Georgia 0 |
|